 Dungeon Crawl Stone Soup version 0.27-a0-421-g7ddf969dea (webtiles) character file.

Game seed: 13156253600730037240

18 Anon1729 the Sneak (level 2, 0/22 HPs)
             Began as a Demonspawn Brigand on Feb 26, 2021.
             Slain by a bat (1 damage)
             ... on level 2 of the Dungeon.
             The game lasted 00:00:52 (1321 turns).

Anon1729 the Sneak (Demonspawn Brigand)             Turns: 1321, Time: 00:00:52

Health: 0/22       AC:  3    Str: 11    XL:     2   Next: 48%
Magic:  2/2        EV: 12    Int: 12    God:
Gold:   130        SH:  0    Dex: 14    Spells: 1/1 levels left

rFire    . . .     SeeInvis .   a - +2 dagger
rCold    . . .     Faith    .   (no shield)
rNeg     . . .     Spirit   .   b - +0 robe
rPois    .         Reflect  .   (no helmet)
rElec    .         Harm     .   c - +0 cloak
rCorr    .         Rampage  .   (no gloves)
Will     .....                  (no boots)
Stlth    +++.......             (no amulet)
HPRegen  0.07/turn              (no ring)
MPRegen  0.08/turn              (no ring)

@: no status effects
A: talons 1
a: no special abilities


You were on level 2 of the Dungeon.
You visited 1 branch of the dungeon, and saw 2 of its levels.

You collected 130 gold pieces.

Inventory:

Hand Weapons
 a - a +2 dagger (weapon)
Missiles
 d - 8 poisoned darts (quivered)
 e - 2 curare-tipped darts
Armour
 b - a +0 robe (worn)
 c - a +0 cloak (worn)
Jewellery
 g - a ring of positive energy
Scrolls
 j - 3 scrolls of identify {unknown}
 l - a scroll of blinking {unknown}
Potions
 f - a potion of curing {unknown}
 h - 2 potions of flight {unknown}
 i - a potion of heal wounds {unknown}
 k - a potion of berserk rage {unknown}


   Skills:
 + Level 2.1 Fighting
 + Level 1.8 Short Blades
 - Level 1.7 Throwing
 + Level 1.1 Dodging
 + Level 4.2 Stealth


You had one spell level left.
You didn't know any spells.
Your spell library was empty.

Dungeon Overview and Level Annotations

Branches:
Dungeon (2/15)

Altars:
Beogh


Innate Abilities, Weirdness & Mutations

You have sharp toenails.


Message History

The orc wizard is heavily wounded.
The bat hits you but does no damage. x2; The orc wizard closely misses you.
The orc hits you with a +0 short sword.
You hit the orc wizard but do no damage.
The orc wizard is heavily wounded.
The bat hits you but does no damage. The orc wizard barely misses you.
The orc wizard closely misses you. The orc hits you with a +0 short sword.
You barely miss the orc wizard.
The orc wizard is heavily wounded.
The orc wizard hits you with a +0 dagger.
The orc wizard hits you but does no damage.
The orc barely misses you.
You hit the orc wizard but do no damage.
Your kick misses the orc wizard.
The orc wizard is heavily wounded.
The bat hits you but does no damage. The orc wizard misses you.
The orc wizard hits you with a +0 dagger.
The orc barely misses you.
You closely miss the orc wizard.
You claw the orc wizard, but do no damage.
The orc wizard is heavily wounded.
The orc wizard barely misses you. x2; The orc barely misses you.
The bat barely misses you.
You barely miss the orc wizard. You claw the orc wizard.
The orc wizard is almost dead.
The bat closely misses you.
The orc wizard hits you but does no damage.
The orc wizard barely misses you. The orc hits you but does no damage.
You barely miss the orc wizard.
The orc wizard is almost dead.
The bat closely misses you.
The orc wizard points at you and mumbles some strange words.
The magic dart hits you.
The orc wizard hits you with a +0 dagger.
* * * LOW HITPOINT WARNING * * *
The orc hits you but does no damage. The bat completely misses you.
The bat closely misses you. The bat barely misses you. The bat hits you.
You die...

. .# #.# ...#
#..# ####...##
#.......# ####
#.@.....#
#....##bo.....#
#....oo.......#
#.........?.....
#....###########
#.... ####


You could see 2 orc wizards, an orc and a bat.

Vanquished Creatures
  A dart slug (D:1)
  7 bats (D:1)
  A goblin (D:1)
  A hobgoblin (D:1)
  A kobold (D:1)
  A frilled lizard (D:1)
  6 rats (D:1)
18 creatures vanquished.

Notes
Turn   | Place    | Note
-------+----------+-------------------------------------------
     0 | D:1      | Anon1729 the Demonspawn Brigand began the quest for the
                  | Orb.
     0 | D:1      | Reached XP level 1. HP: 16/16 MP: 1/1
   221 | D:1      | Reached skill level 1 in Dodging
   296 | D:1      | Reached skill level 4 in Stealth
   507 | D:1      | Gained mutation: You have sharp toenails. [demonic
                  | ancestry]
   507 | D:1      | Reached XP level 2. HP: 15/22 MP: 2/2
  1048 | D:1      | Found a roughly hewn altar of Beogh.
  1048 | D:1      | Noticed an orc warrior
  1319 | D:2      | HP: 1/22 [orc wizard/+0 dagger (6)]
  1321 | D:2      | Slain by a bat

Illustrated notes

Levels and vault maps discovered:
D:1:      erik_arrival_cave_to_civilisation [erik_arrival_cave_to_temple],
          layout_loops_corners, serial_glass, glass_columns_c, glass_columns_a,
          due_unseen_surprise
D:2:      layout_rooms, bloody_makhleb, uniq_jessica

Skill      XL: |  1 |
---------------+----+-----
Dodging        | 1 |  1.1
Stealth        | 4 |  4.2
Fighting       | |  2.1
Short Blades   | |  1.8
Throwing       | |  1.7

Action                   || total
-------------------------++-------
Melee: Dagger            ||    58
       Kick              ||     7
 Stab: Sleeping          ||     7
Armor: Robe              ||    22
Dodge: Dodged            ||    50

Table legend: (Time is in decaauts)
 A = Elapsed time spent in this place.
 B = Non-inter-level travel time spent in this place.
 C = Inter-level travel time spent in this place.
 D = Time resting spent in this place.
 E = Time spent auto-exploring this place.
 F = Levels seen in this place.
 G = Mean time per level.
                   A        B        C        D        E       F      G
               +--------+--------+--------+--------+--------+-----+--------+
         Total |   1315 |   1265 |     50 |      0 |   1117 |   2 |  657.5 |
       Dungeon |   1315 |   1265 |     50 |      0 |   1117 |   2 |  657.5 |
               +--------+--------+--------+--------+--------+-----+--------+

Top non-repeatable levels by time:
     D:1: 1302 daAuts
     D:2: 13 daAuts
